 Dungeon Crawl Stone Soup version 0.24.0-123-gd5b16e6ec5 (webtiles) character file.

Game seed: 3454116781710495232, levelgen mode: deterministic

225 Martska the Charmwright (level 6, 0/47 HPs)
             Began as a Human Skald on Feb 10, 2020.
             Slain by Pikel
             ... wielding a +1 whip of freezing
              (2 damage)
             ... on level 4 of the Dungeon.
             The game lasted 00:09:17 (4620 turns).

Martska the Charmwright (Human Skald)               Turns: 4620, Time: 00:09:18

Health: 0/47       AC:  5    Str: 14    XL:     6   Next: 21%
Magic:  7/9        EV: 12    Int: 13    God:
Gold:   167        SH:  0    Dex: 12    Spells: 3/9 levels left

rFire    . . .     SeeInvis .   a - +0 falchion
rCold    . . .     Gourm    .   (no shield)
rNeg     . . .     Faith    .   b - +1 leather armour
rPois    .         Spirit   .   n - +1 hat
rElec    .         Reflect  .   (no cloak)
rCorr    .         Harm     .   (no gloves)
MR       .....                  (no boots)
Stlth    +.........             (no amulet)
HPRegen  0.15/turn              c - ring of flight
MPRegen  0.11/turn              (no ring)

@: no status effects
A: no striking features
a: Evoke Flight


You were on level 4 of the Dungeon.
You were not hungry.

You visited 1 branch of the dungeon, and saw 4 of its levels.

You collected 167 gold pieces.

Inventory:

Hand Weapons
 a - a +0 falchion (weapon)
Armour
 b - a +1 leather armour (worn)
 n - a +1 hat (worn)
Jewellery
 c - a ring of flight (left hand)
Scrolls
 f - 2 scrolls of enchant armour
 h - a scroll of magic mapping
 j - a scroll of fog
 k - 3 scrolls of teleportation
 m - a scroll of enchant weapon
 o - 3 scrolls of remove curse
 q - a scroll of immolation {unknown}
Potions
 g - 2 potions of resistance {unknown}
 i - 3 potions of lignification {unknown}
 l - a potion of agility {unknown}
 p - a potion of cancellation {unknown}
Comestibles
 d - 7 rations


   Skills:
 * Level 3.2 Fighting
 * Level 3.3 Long Blades
 - Level 2.0 Armour
 + Level 2.6 Dodging
 + Level 2.4 Spellcasting
 + Level 1.0 Hexes
 + Level 3.5 Charms
 + Level 1.3 Translocations


You had 3 spell levels left.
You knew the following spells:

 Your Spells              Type           Power        Failure   Level  Hunger
a - Infusion              Chrm           ##..         7%          1    #......
b - Shroud of Golubria    Chrm/Tloc      #.....       17%         2    ###....
c - Spectral Weapon       Hex/Chrm       #.......     34%         3    ###....

Your spell library contained the following spells:

 Spells                   Type           Power        Failure   Level  Hunger
 Song of Slaying          Chrm           ##......     11%         2    ###....
 Animate Skeleton         Necr           N/A          30%         1    #......
 Pain                     Necr           #...         30%         1    #......
 Regeneration             Chrm/Necr      #.........   41%         3    ###....
 Vampiric Draining        Necr           #.........   65%         3    ###....
 Animate Dead             Necr           N/A          96%         4    #####..


Dungeon Overview and Level Annotations

Branches:
Dungeon (4/15)
 Temple: D:4-7

Altars:
Xom

Annotations:
D:3 1 runed translucent door, Crazy Yiuf
D:4 Eustachio, Pikel


Message History

You hit Pikel but do no damage.
Pikel is heavily wounded.
Your spectral weapon hits Pikel but does no damage.
Pikel barely misses you.
You barely miss Pikel.
Pikel is heavily wounded.
Your spectral weapon misses Pikel.
Eustachio gestures wildly while chanting.
Pikel hits you but does no damage.
You hit Pikel.
Pikel is heavily wounded.
Your spectral weapon hits Pikel!
Pikel hits you with a +1 whip of freezing!
* * * LOW HITPOINT WARNING * * *
Pikel freezes you.
* * * LOW HITPOINT WARNING * * *
Pikel hits you with a +1 whip of freezing.
* * * LOW HITPOINT WARNING * * *
Pikel freezes you.
You die...

##.....####.##.###
##......<.........####
#...##.#######.......####
##...##.#### ####..#....##
##..####....## #..####..##
......#####..#######.#####..###
......# ##.....# #.....##...###
......#
#######(#####5...###....
#######
#.....>@Kpppp@........p.
..#############.######..
.........# #.. ########## #..
#.. ###


You could see Eustachio, Pikel, 4 slaves, a crimson imp and a friendly spectral
+0 falchion.

Vanquished Creatures
  A hound (D:4)
  A centaur skeleton (D:2)
  An orc wizard (D:3)
  A howler monkey skeleton (D:3)
  3 adders (D:2)
  2 oozes (D:1)
  3 worms
  2 dart slugs (D:1)
  2 leopard geckos
  7 orcs
  6 bats
  5 giant cockroaches
  8 goblins
  6 hobgoblins
  3 jackals
  2 quokkas
  A ball python (D:4)
  4 frilled lizards
  7 kobolds
  10 rats
75 creatures vanquished.

Notes
Turn   | Place    | Note
-------+----------+-------------------------------------------
     0 | D:1      | Martska the Human Skald began the quest for the Orb.
     0 | D:1      | Reached XP level 1. HP: 16/16 MP: 3/3
   131 | D:1      | Reached XP level 2. HP: 20/22 MP: 5/5
   165 | D:1      | Learned a level 2 spell: Shroud of Golubria
   331 | D:1      | Reached XP level 3. HP: 18/28 MP: 6/6
  1590 | D:2      | Learned a level 3 spell: Spectral Weapon
  1607 | D:2      | Reached XP level 4. HP: 34/34 MP: 7/7
  2689 | D:2      | Reached skill level 1 in Translocations
  2689 | D:2      | Reached XP level 5. HP: 36/40 MP: 8/8
  3257 | D:3      | Found a shimmering altar of Xom.
  3279 | D:3      | Found a shimmering altar of Xom.
  3279 | D:3      | Found a shimmering altar of Xom.
  3815 | D:3      | Found a runed translucent door.
  3816 | D:3      | Noticed Crazy Yiuf
  4033 | D:4      | Reached XP level 6. HP: 40/47 MP: 9/9
  4553 | D:4      | Reached skill level 1 in Hexes
  4585 | D:4      | Noticed Eustachio
  4585 | D:4      | Noticed Pikel
  4585 | D:4      | Noticed a slave
  4586 | D:4      | Noticed a slave
  4586 | D:4      | Noticed a slave
  4586 | D:4      | Noticed a slave
  4620 | D:4      | HP: 2/47 [Pikel/+1 whip of freezing (5)]
  4620 | D:4      | Slain by Pikel

Levels and vault maps discovered:
D:1:      dpeg_arrival_orchard, layout_basic
D:2:      kennysheep_six_static_rooms, layout_basic
D:3:      layout_rooms, xom_redecorated, first_ration, uniq_crazy_yiuf_cottage
D:4:      layout_rooms, uniq_eustachio, uniq_pikel

Skill      XL: |  1  2  3  4  5  6 |
---------------+-------------------+-----
Translocations | 1 |  1.3
Long Blades    | 3 |  3.3
Fighting       | 3 |  3.2
Armour         | 2 |  2.0
Hexes          | 1 |  1.0
Dodging        | |  2.6
Spellcasting   | |  2.4
Charms         | |  3.5

Action                   |  1- 3 |  4- 6 || total
-------------------------+-------+-------++-------
Melee: Falchion          |    85 |   198 ||   283
 Cast: Infusion          |     3 |     7 ||    10
       Spectral Weapon   |       |     7 ||     7
  Use: Scroll            |       |     7 ||     7
  Eat: Ration            |     1 |     2 ||     3
       Chunk             |       |     4 ||     4
Armor: Leather armour    |    18 |    52 ||    70
Dodge: Dodged            |    52 |   123 ||   175
       Rpst.: Falchion   |    19 |    36 ||    55
